 Dungeon Crawl Stone Soup version 0.29.0-4-gdea44cf6ec (webtiles) character file.

Game seed: 12320251092490717740

15192 qw the Blocker (level 11, -2/95 (100) HPs)
             Began as a Troll Cinder Acolyte on Sept 1, 2022.
             Was a Believer of Ignis.
             Slain by a hell rat (3 damage)
             ... on level 3 of the Lair of Beasts.
             The game lasted 00:05:15 (9202 turns).

qw the Blocker (Troll Cinder Acolyte)               Turns: 9202, Time: 00:05:16

HP:   -2/95 (100)   AC: 15    Str: 34    XL:     11   Next: 98%
MP:   11/11         EV:  8    Int: 10    God:    Ignis [**....]
Gold: 613           SH: 18    Dex: 11    Spells: 12/12 levels left

rFire   + . .      SeeInvis .     - Unarmed
rCold   . . .      Faith    .   a - +1 tower shield {rPois}
rNeg    . . .      Spirit   .   p - +0 steam dragon scales
rPois   +          Reflect  .   c - +1 hat "Diach" {Will++ rCorr}
rElec   .          Harm     .   (no cloak)
rCorr   +          Rampage  .   (gloves unavailable)
Will    ++...                   (boots unavailable)
Stlth   +.........              n - amulet of the acrobat
HPRegen 1.05/turn               b - +6 ring of strength
MPRegen 0.12/turn               k - +6 ring of dexterity

@: fiery-armoured, drained
A: large, unfitting armour, claws 3, regeneration 1, shaggy fur 1, tough skin 1
a: Renounce Religion, Fiery Armour, Foxfire Swarm, Rising Flame


You were on level 3 of the Lair of Beasts.
You worshipped Ignis.
Ignis was pleased with you.
You visited 2 branches of the dungeon, and saw 12 of its levels.
You also visited: Ossuary.

You collected 613 gold pieces.


Innate Abilities, Weirdness & Mutations

You are too large for most types of armour.
You have claws for hands.
Your natural rate of healing is unusually fast.
You are covered in fur. (AC +1)
You have tough skin. (AC +1)


   Skills:
 + Level 4.1 Fighting
 - Level 3.2 Throwing
 - Level 1.1 Armour
 - Level 2.9 Dodging
 - Level 13.0 Shields
 - Level 12.0 Unarmed Combat
 - Level 1.0 Spellcasting
 - Level 2.1 Fire Magic


You had 12 spell levels left.
You didn't know any spells.
Your spell library contained the following spells:

 Spells                   Type           Power      Damage    Failure   Level
 Scorch                   Fire           8%         2d5       56%         2

Inventory:

Missiles
 s - 5 boomerangs (quivered)
Armour
 a - a +1 tower shield of poison resistance (worn)
 c - the +1 hat "Diach" (worn) {Will++ rCorr}
   (You acquired it in an ossuary)

   rCorr:     It protects you from acid and corrosion.
   Will:      It greatly increases your willpower.
 p - +0 steam dragon scales (worn)
Jewellery
 b - a +6 ring of strength (left claw)
 d - a ring of poison resistance
 k - a +6 ring of dexterity (right claw)
 n - an amulet of the acrobat (around neck)
 t - an amulet of regeneration
Wands
 u - a wand of digging (11)
Scrolls
 h - a scroll of identify
 i - 3 scrolls of enchant weapon
 l - 8 scrolls of teleportation
Potions
 e - a potion of mutation
 f - 2 potions of resistance
 g - a potion of cancellation
 j - 6 potions of curing
 m - 4 potions of heal wounds
 o - a potion of might {unknown}
 q - a potion of brilliance {unknown}

Dungeon Overview and Level Annotations

Branches:
Dungeon (8/15)             Temple (0/1) D:4            Lair (4/5) D:8
 Shoals (0/4) Lair:2       Spider (0/4) Lair:2        Slime (0/5) Lair:4
Ossuary (visited)

Altars:
Ashenzari
Dithmenos
Fedhas
Hepliaklqana
Kikubaaqudgha
Makhleb
Nemelex Xobeh
Qazlal
Sif Muna
Vehumet
Wu Jian
Xom
Zin
Jiyva

Portals:
Abyss: D:7

Annotations:
D:5 2 transporters, qw's ghost, novice TeWr
D:7 2 transporters, qw's ghost, novice TrCA
Lair:1 2 transporters
Lair:2 1 runed translucent door, qw's ghost, journeyman TeWr
Lair:4 1 runed translucent door


Message History

The death yak is lightly wounded.
You block the death yak's attack.
9198 ||| DRINKING 5 potions of heal wounds.
You feel much better. The death yak barely misses you. The death yak gores you!
You claw the death yak!
The death yak is moderately wounded.
Your surroundings suddenly seem different. 4 hell rats and 4 yaks come into view.
Found 7 stones.
The hell rat roars deafeningly! x3; The yak bellows! x4; You hear a bellow! x2
You hear a loud, deep croak!
You hear a croak.
You block the hell rat's attack.
A yak comes into view.
You block the hell rat's attack.
The hell rat roars deafeningly!
The yak bellows!
Enter note: You mangle the hell rat!!
You kill the hell rat!
A death yak comes into view.
You block the hell rat's attack.
You mangle the yak!!
The yak is heavily wounded.
You block the hell rat's attack. The hell rat closely misses you.
The yak gores you but does no damage.
The yak is burned by your cloak of flames.
The yak is severely wounded.
A yak comes into view.
You block the hell rat's attack.
You closely miss the yak.
The yak is severely wounded.
The hell rat bites you!
The hell rat bites you but does no damage.
The hell rat is burned by your cloak of flames.
The hell rat is lightly wounded.
You block the yak's attack. The hell rat bites you.
You feel drained.
The hell rat is burned by your cloak of flames.
The hell rat is lightly wounded.
The hell rat bites you!
You feel drained.
You die...

## #... ##
.##...#
##P#......P
###P........#
###...........#
#.............#
...(..Y.r.....#
#P.YYYY@r......
.Y.....r.....P#
.#...........##
..#.Y....##..#
...#...### ..#
#. #### ## #


You could see a death yak, 6 yaks and 3 hell rats.

Vanquished Creatures
  2 hydras
  2 death yaks (Lair:3)
  A torpor snail (Lair:2)
  A black mamba (Lair:4)
  3 cane toads
  Maggie (D:6)
  Psyche (D:8)
  A komodo dragon (Lair:2)
  3 rime drakes
  8 blink frogs (Lair:3)
  6 dream sheep (Lair:3)
  Sigmund (D:6)
  17 yaks
  A basilisk (Lair:1)
  6 water moccasins
  A black bear (D:6)
  2 orc warriors
  2 sky beasts (D:7)
  A hornet zombie (Ossuary)
  4 ice beasts
  4 wolves (Lair:3)
  3 ogres
  A centaur (D:8)
  A kobold brigand (D:7)
  Blork the orc (D:6)
  7 bullfrogs
  A gnoll sergeant (D:5)
  3 necrophages
  4 scorpions
  A crimson imp (D:8)
  6 centaur zombies (Ossuary)
  5 bullfrog zombies (Ossuary)
  2 hounds
  2 orc priests
  A gnoll bouda (D:7)
  A jelly (D:6)
  An iguana (D:6)
  6 orc wizards
  A hell rat (Lair:3)
  2 killer bee zombies (Ossuary)
  11 mummies (Ossuary)
  9 gnolls
  4 howler monkey zombies (Ossuary)
  3 adders
  3 shadow imps
  3 white imps
  3 worms
  A dart slug (D:2)
  21 orcs
  10 bats
  7 endoplasms
  8 giant cockroaches
  12 goblins
  8 hobgoblins
  2 jackals (D:4)
  6 quokkas
  2 ball pythons
  8 frilled lizards
  17 kobolds
  4 rats
259 creatures vanquished.

Vanquished Creatures (others)
  3 fungi
  4 plants
  6 withered plants (Ossuary)
13 creatures vanquished.

Grand Total: 272 creatures vanquished

Notes
Turn   | Place    | Note
-------+----------+-------------------------------------------
     0 | D:1      | qw the Troll Cinder Acolyte began the quest for the Orb.
     0 | D:1      | Reached XP level 1. HP: 22/22 MP: 1/1
     0 | D:1      | 0 ||| qw: Version: 0.1-a-97-g2dd2ca4
     0 | D:1      | 0 ||| qw: Game counter: 4883
     0 | D:1      | 0 ||| qw: Always use a shield: true
     0 | D:1      | 0 ||| qw: God list: Okawaru
     0 | D:1      | 0 ||| qw: Allow faded altars: false
     0 | D:1      | 0 ||| qw: Do Orc after D:15 true
     0 | D:1      | 0 ||| qw: Do second Lair branch before Depths: true
     0 | D:1      | 0 ||| qw: Lair rune preference: random
     0 | D:1      | 0 ||| qw: Plans: Normal
     0 | D:1      | 0 ||| PLANNING D:1-11
    82 | D:1      | Found a faded altar of an unknown god.
    88 | D:1      | 88 ||| Stepping ~*~*~tactically~*~*~ (stealth).
    95 | D:1      | 95 ||| Stepping ~*~*~tactically~*~*~ (outnumbered).
    96 | D:1      | 96 ||| Stepping ~*~*~tactically~*~*~ (outnumbered).
    97 | D:1      | 97 ||| Stepping ~*~*~tactically~*~*~ (outnumbered).
    98 | D:1      | 98 ||| Stepping ~*~*~tactically~*~*~ (outnumbered).
    99 | D:1      | 99 ||| Stepping ~*~*~tactically~*~*~ (outnumbered).
   100 | D:1      | 100 ||| Stepping ~*~*~tactically~*~*~ (outnumbered).
   101 | D:1      | 101 ||| Stepping ~*~*~tactically~*~*~ (outnumbered).
   170 | D:1      | Reached XP level 2. HP: 29/29 MP: 2/2
   307 | D:1      | 307 ||| Stepping ~*~*~tactically~*~*~ (outnumbered).
   308 | D:1      | 308 ||| Stepping ~*~*~tactically~*~*~ (outnumbered).
   309 | D:1      | 309 ||| Stepping ~*~*~tactically~*~*~ (outnumbered).
   706 | D:1      | Reached XP level 3. HP: 36/36 MP: 3/3
   730 | D:1      | Reached skill level 1 in Throwing
   942 | D:1      | 942 ||| READING scroll labelled HYNOMARENE.
   945 | D:1      | 945 ||| READING scroll labelled TEAKHL WIFITZ.
   946 | D:1      | 946 ||| DRINKING 2 amethyst potions.
  1047 | D:1      | 1047 ||| DROPPING potion of ambrosia.
  1131 | D:2      | 1131 ||| Stepping ~*~*~tactically~*~*~ (hiding).
  1255 | D:2      | 1255 ||| Stepping ~*~*~tactically~*~*~ (stealth).
  1256 | D:2      | 1256 ||| Stepping ~*~*~tactically~*~*~ (stealth).
  1305 | D:2      | 1305 ||| Stepping ~*~*~tactically~*~*~ (stealth).
  1307 | D:2      | 1307 ||| Stepping ~*~*~tactically~*~*~ (stealth).
  1926 | D:2      | 1926 ||| READING scroll labelled XINUSO NAJAUTS.
  1927 | D:2      | 1927 ||| READING scroll labelled AFAECRISAO.
  1928 | D:2      | 1928 ||| DRINKING 2 murky orange potions.
  2032 | D:2      | 2032 ||| DROPPING potion of berserk rage.
  2177 | D:3      | Reached XP level 4. HP: 44/44 MP: 4/4
  2420 | D:3      | 2420 ||| INVOKING Fiery Armour.
  2439 | D:3      | 2439 ||| Stepping ~*~*~tactically~*~*~ (stealth).
  2450 | D:3      | 2450 ||| Stepping ~*~*~tactically~*~*~ (stealth).
  2453 | D:3      | Found a blossoming altar of Fedhas.
  2456 | D:3      | Reached XP level 5. HP: 41/50 MP: 5/5
  2458 | D:3      | 2458 ||| FLEEEEING.
  2459 | D:3      | 2459 ||| FLEEEEING.
  2460 | D:3      | 2460 ||| FLEEEEING.
  2461 | D:3      | 2461 ||| FLEEEEING.
  2462 | D:3      | 2462 ||| FLEEEEING.
  2503 | D:3      | Reached skill level 6 in Unarmed Combat
  2533 | D:3      | Noticed an ogre
  2538 | D:3      | Killed an ogre
  2539 | D:3      | Reached XP level 6. HP: 59/59 MP: 6/6
  2715 | D:3      | 2715 ||| READING scroll labelled VAF DEAGYEGG.
  2716 | D:3      | 2716 ||| READING scroll labelled VINTE NEFETI.
  2717 | D:3      | 2717 ||| READING 2 scrolls labelled RIH YMITZIOHOD.
  2718 | D:3      | 2718 ||| DRINKING 3 green potions.
  2719 | D:3      | 2719 ||| DROPPING 2 potions of attraction.
  2909 | D:4      | 2909 ||| INVOKING Fiery Armour.
  2909 | D:4      | HP: 10/59 [ogre/+0 giant club (19)]
  2982 | D:4      | Found a broken altar of Ashenzari.
  3038 | D:4      | 3038 ||| Stepping ~*~*~tactically~*~*~ (hiding).
  3044 | D:4      | 3044 ||| INVOKING Fiery Armour.
  3124 | D:4      | Found a stormy altar of Qazlal.
  3132 | D:4      | 3132 ||| Stepping ~*~*~tactically~*~*~ (outnumbered).
  3133 | D:4      | 3133 ||| Stepping ~*~*~tactically~*~*~ (outnumbered).
  3135 | D:4      | 3135 ||| Stepping ~*~*~tactically~*~*~ (outnumbered).
  3136 | D:4      | 3136 ||| Stepping ~*~*~tactically~*~*~ (outnumbered).
  3146 | D:4      | Noticed a water elemental
  3146 | D:4      | Noticed an air elemental
  3146 | D:4      | Noticed a fire elemental
  3275 | D:4      | Found a staircase to the Ecumenical Temple.
  3677 | D:4      | 3677 ||| UPGRADING to +6 ring of strength.
  3678 | D:4      | 3678 ||| READING scroll labelled ISIQAUDOGO.
  3679 | D:4      | 3679 ||| READING 2 scrolls of identify.
  3679 | D:4      | 3679 ||| IDENTIFYING orange potion
  3680 | D:4      | 3680 ||| DROPPING potion of invisibility.
  3686 | D:5      | Entered Level 5 of the Dungeon
  3716 | D:5      | Found a transporter.
  3718 | D:5      | Noticed qw's ghost (novice TeWr)
  3720 | D:5      | Found a transporter.
  3732 | D:5      | Reached XP level 7. HP: 37/66 MP: 7/7
  3762 | D:5      | 3762 ||| Stepping ~*~*~tactically~*~*~ (stealth).
  3770 | D:5      | 3770 ||| Stepping ~*~*~tactically~*~*~ (stealth).
  3771 | D:5      | 3771 ||| Stepping ~*~*~tactically~*~*~ (stealth).
  3774 | D:5      | 3774 ||| Stepping ~*~*~tactically~*~*~ (stealth).
  3782 | D:5      | 3782 ||| Stepping ~*~*~tactically~*~*~ (outnumbered).
  3783 | D:5      | 3783 ||| Stepping ~*~*~tactically~*~*~ (outnumbered).
  3784 | D:5      | 3784 ||| Stepping ~*~*~tactically~*~*~ (outnumbered).
  3788 | D:5      | 3788 ||| Stepping ~*~*~tactically~*~*~ (outnumbered).
  3789 | D:5      | 3789 ||| Stepping ~*~*~tactically~*~*~ (outnumbered).
  3790 | D:5      | 3790 ||| Stepping ~*~*~tactically~*~*~ (outnumbered).
  3791 | D:5      | 3791 ||| Stepping ~*~*~tactically~*~*~ (outnumbered).
  3793 | D:5      | 3793 ||| Stepping ~*~*~tactically~*~*~ (outnumbered).
  3796 | D:5      | Reached skill level 3 in Fighting
  3823 | D:5      | 3823 ||| Stepping ~*~*~tactically~*~*~ (stealth).
  4042 | D:5      | Reached skill level 9 in Unarmed Combat
  4087 | D:5      | 4087 ||| FLEEEEING.
  4088 | D:5      | 4088 ||| FLEEEEING.
  4089 | D:5      | 4089 ||| FLEEEEING.
  4116 | D:5      | Reached skill level 1 in Dodging
  4252 | D:5      | Reached XP level 8. HP: 69/75 MP: 8/8
  4390 | D:5      | 4390 ||| READING 2 scrolls labelled NOGUZUUSOA.
  4391 | D:5      | 4391 ||| DROPPING scroll of amnesia.
  4474 | D:6      | Noticed Sigmund
  4475 | D:6      | 4475 ||| Stepping ~*~*~tactically~*~*~ (hiding).
  4479 | D:6      | 4479 ||| INVOKING Fiery Armour.
  4481 | D:6      | Killed Sigmund
  4482 | D:6      | Reached skill level 3 in Throwing
  4601 | D:6      | 4601 ||| Stepping ~*~*~tactically~*~*~ (hiding).
  4737 | D:6      | 4737 ||| Stepping ~*~*~tactically~*~*~ (stealth).
  4738 | D:6      | 4738 ||| Stepping ~*~*~tactically~*~*~ (stealth).
  4791 | D:6      | 4791 ||| Stepping ~*~*~tactically~*~*~ (hiding).
  4792 | D:6      | 4792 ||| Stepping ~*~*~tactically~*~*~ (hiding).
  4922 | D:6      | Noticed Maggie
  4923 | D:6      | 4923 ||| Stepping ~*~*~tactically~*~*~ (hiding).
  4933 | D:6      | Killed Maggie
  4966 | D:6      | Found a glowing silver altar of Zin.
  4968 | D:6      | 4968 ||| Stepping ~*~*~tactically~*~*~ (stealth).
  5059 | D:6      | Found an ornate altar of the Wu Jian Council.
  5059 | D:6      | Found a hazy altar of Hepliaklqana.
  5113 | D:6      | Noticed Blork the orc
  5124 | D:6      | Killed Blork the orc
  5253 | D:6      | 5253 ||| UPGRADING to +0 steam dragon scales.
  5263 | D:6      | 5263 ||| DROPPING +0 robe.
  5264 | D:6      | 5264 ||| READING scroll labelled OSOCUI VEVVOEDAKK.
  5264 | D:6      | Identified a scroll of acquirement
  5264 | D:6      | 5264 ||| ACQUIRING +1 tower shield of poison resistance
  5264 | D:6      | Acquired a +1 tower shield of poison resistance
  5266 | D:6      | 5266 ||| UPGRADING to +1 tower shield of poison resistance.
  5271 | D:6      | 5271 ||| DRINKING 4 coppery potions.
  5272 | D:6      | 5272 ||| DRINKING 2 fuming sapphire potions.
  5273 | D:6      | 5273 ||| READING 2 scrolls of identify.
  5273 | D:6      | 5273 ||| IDENTIFYING puce potion
  5274 | D:6      | 5274 ||| DROPPING potion of degeneration.
  5283 | D:7      | 5283 ||| PLANNING OSSUARY
  5342 | D:7      | 5342 ||| Stepping ~*~*~tactically~*~*~ (outnumbered).
  5343 | D:7      | 5343 ||| Stepping ~*~*~tactically~*~*~ (outnumbered).
  5344 | D:7      | 5344 ||| Stepping ~*~*~tactically~*~*~ (outnumbered).
  5345 | D:7      | 5345 ||| Stepping ~*~*~tactically~*~*~ (outnumbered).
  5346 | D:7      | 5346 ||| Stepping ~*~*~tactically~*~*~ (outnumbered).
  5347 | D:7      | 5347 ||| Stepping ~*~*~tactically~*~*~ (outnumbered).
  5364 | D:7      | Reached skill level 1 in Shields
  5364 | D:7      | Reached XP level 9. HP: 45/84 MP: 9/9
  5430 | D:7      | 5430 ||| Stepping ~*~*~tactically~*~*~ (stealth).
  5432 | D:7      | 5432 ||| Stepping ~*~*~tactically~*~*~ (stealth).
  5433 | D:7      | 5433 ||| Stepping ~*~*~tactically~*~*~ (stealth).
  5436 | D:7      | 5436 ||| Stepping ~*~*~tactically~*~*~ (outnumbered).
  5437 | D:7      | 5437 ||| Stepping ~*~*~tactically~*~*~ (outnumbered).
  5438 | D:7      | 5438 ||| Stepping ~*~*~tactically~*~*~ (outnumbered).
  5439 | D:7      | 5439 ||| Stepping ~*~*~tactically~*~*~ (outnumbered).
  5441 | D:7      | Reached skill level 2 in Shields
  5444 | D:7      | 5444 ||| Stepping ~*~*~tactically~*~*~ (outnumbered).
  5467 | D:7      | Reached skill level 3 in Shields
  5504 | D:7      | 5504 ||| Stepping ~*~*~tactically~*~*~ (hiding).
  5508 | D:7      | 5508 ||| Stepping ~*~*~tactically~*~*~ (outnumbered).
  5595 | D:7      | Reached skill level 4 in Shields
  5629 | D:7      | 5629 ||| FLEEEEING.
  5630 | D:7      | 5630 ||| FLEEEEING.
  5631 | D:7      | 5631 ||| FLEEEEING.
  5641 | D:7      | 5641 ||| FLEEEEING.
  5642 | D:7      | 5642 ||| FLEEEEING.
  5643 | D:7      | 5643 ||| FLEEEEING.
  5644 | D:7      | 5644 ||| FLEEEEING.
  5645 | D:7      | 5645 ||| FLEEEEING.
  5646 | D:7      | 5646 ||| FLEEEEING.
  5647 | D:7      | 5647 ||| FLEEEEING.
  5648 | D:7      | 5648 ||| FLEEEEING.
  5649 | D:7      | 5649 ||| FLEEEEING.
  5650 | D:7      | 5650 ||| FLEEEEING.
  5651 | D:7      | 5651 ||| FLEEEEING.
  5652 | D:7      | 5652 ||| FLEEEEING.
  5653 | D:7      | 5653 ||| FLEEEEING.
  5666 | D:7      | 5666 ||| Stepping ~*~*~tactically~*~*~ (hiding).
  5697 | D:7      | Found a sand-covered staircase.
  5698 | D:7      | 5698 ||| DROPPING ring of flight.
  5699 | D:7      | 5699 ||| UPGRADING to +6 ring of dexterity.
  5700 | D:7      | 5700 ||| READING scroll labelled BYETUA GOEG.
  5709 | Ossuary  | Entered an ossuary
  5713 | Ossuary  | 5713 ||| Stepping ~*~*~tactically~*~*~ (hiding).
  5724 | Ossuary  | 5724 ||| Stepping ~*~*~tactically~*~*~ (outnumbered).
  5733 | Ossuary  | Reached skill level 5 in Shields
  5742 | Ossuary  | 5742 ||| Stepping ~*~*~tactically~*~*~ (stealth).
  5746 | Ossuary  | 5746 ||| Stepping ~*~*~tactically~*~*~ (stealth).
  5748 | Ossuary  | 5748 ||| Stepping ~*~*~tactically~*~*~ (stealth).
  5758 | Ossuary  | 5758 ||| Stepping ~*~*~tactically~*~*~ (stealth).
  5760 | Ossuary  | 5760 ||| Stepping ~*~*~tactically~*~*~ (stealth).
  5839 | Ossuary  | Reached skill level 6 in Shields
  5871 | Ossuary  | 5871 ||| Stepping ~*~*~tactically~*~*~ (hiding).
  5875 | Ossuary  | 5875 ||| Stepping ~*~*~tactically~*~*~ (hiding).
  5890 | Ossuary  | 5890 ||| Stepping ~*~*~tactically~*~*~ (stealth).
  5892 | Ossuary  | 5892 ||| Stepping ~*~*~tactically~*~*~ (stealth).
  5904 | Ossuary  | 5904 ||| READING scroll of acquirement.
  5904 | Ossuary  | 5904 ||| ACQUIRING +1 hat "Diach" {Will++ rCorr}
  5904 | Ossuary  | Acquired the +1 hat "Diach" {Will++ rCorr}
  5906 | Ossuary  | 5906 ||| UPGRADING to +1 hat "Diach" {Will++ rCorr}.
  6065 | Ossuary  | 6065 ||| DRINKING 3 golden potions.
  6066 | Ossuary  | 6066 ||| DRINKING 2 metallic sapphire potions.
  6067 | Ossuary  | 6067 ||| READING 2 scrolls of identify.
  6067 | Ossuary  | 6067 ||| IDENTIFYING fuming yellow potion
  6068 | Ossuary  | 6068 ||| DROPPING potion of flight.
  6099 | D:7      | 6099 ||| PLANNING D:1-11
  6157 | D:7      | Found a sparkling altar of Nemelex Xobeh.
  6178 | D:7      | Found a transporter.
  6189 | D:7      | Noticed a soul eater
  6234 | D:7      | Found a transporter.
  6237 | D:7      | Noticed qw's ghost (novice TrCA)
  6245 | D:7      | Found a one-way gate to the infinite horrors of the Abyss.
  6388 | D:7      | Found a radiant altar of Vehumet.
  6399 | D:7      | Found an ancient bone altar of Kikubaaqudgha.
  6409 | D:7      | Found a shimmering blue altar of Sif Muna.
  6504 | D:7      | 6504 ||| UPGRADING to amulet of the acrobat.
  6558 | D:8      | Reached skill level 7 in Shields
  6608 | D:8      | 6608 ||| Stepping ~*~*~tactically~*~*~ (stealth).
  6613 | D:8      | 6613 ||| Stepping ~*~*~tactically~*~*~ (outnumbered).
  6614 | D:8      | 6614 ||| Stepping ~*~*~tactically~*~*~ (outnumbered).
  6616 | D:8      | 6616 ||| Stepping ~*~*~tactically~*~*~ (outnumbered).
  6620 | D:8      | Reached XP level 10. HP: 92/92 MP: 10/10
  6628 | D:8      | Reached skill level 8 in Shields
  6783 | D:8      | Found a staircase to the Lair.
  6803 | D:8      | 6803 ||| Stepping ~*~*~tactically~*~*~ (outnumbered).
  6804 | D:8      | 6804 ||| Stepping ~*~*~tactically~*~*~ (outnumbered).
  6805 | D:8      | 6805 ||| Stepping ~*~*~tactically~*~*~ (outnumbered).
  6806 | D:8      | 6806 ||| Stepping ~*~*~tactically~*~*~ (outnumbered).
  6807 | D:8      | 6807 ||| Stepping ~*~*~tactically~*~*~ (outnumbered).
  6808 | D:8      | 6808 ||| Stepping ~*~*~tactically~*~*~ (outnumbered).
  6917 | D:8      | Found a shadowy altar of Dithmenos.
  6940 | D:8      | Found a flagged portal.
  6955 | D:8      | 6955 ||| Stepping ~*~*~tactically~*~*~ (outnumbered).
  6956 | D:8      | 6956 ||| Stepping ~*~*~tactically~*~*~ (outnumbered).
  6988 | D:8      | Noticed Psyche
  6992 | D:8      | Killed Psyche
  7008 | D:8      | Found a shimmering altar of Xom.
  7008 | D:8      | Found a burning altar of Makhleb.
  7235 | D:8      | 7235 ||| PLANNING LAIR
  7235 | D:8      | 7235 ||| READING scroll labelled XAOX KINEU.
  7322 | Lair:1   | Entered Level 1 of the Lair of Beasts
  7352 | Lair:1   | Reached skill level 9 in Shields
  7377 | Lair:1   | Noticed a cane toad
  7386 | Lair:1   | Killed a cane toad
  7490 | Lair:1   | Noticed a four-headed hydra
  7491 | Lair:1   | 7491 ||| INVOKING Fiery Armour.
  7498 | Lair:1   | Killed a seven-headed hydra
  7499 | Lair:1   | Reached skill level 10 in Shields
  7619 | Lair:1   | Found a transporter.
  7619 | Lair:1   | Noticed a boulder beetle
  7620 | Lair:1   | Found a transporter.
  8072 | Lair:1   | 8072 ||| DROPPING scarf of harm.
  8073 | Lair:1   | 8073 ||| READING 2 scrolls of identify.
  8073 | Lair:1   | 8073 ||| IDENTIFYING bubbling clear potion
  8097 | Lair:2   | 8097 ||| STAIRDANCE
  8104 | Lair:1   | Reached skill level 1 in Armour
  8122 | Lair:2   | 8122 ||| STAIRDANCE
  8354 | Lair:2   | 8354 ||| Stepping ~*~*~tactically~*~*~ (outnumbered).
  8355 | Lair:2   | 8355 ||| Stepping ~*~*~tactically~*~*~ (outnumbered).
  8356 | Lair:2   | 8356 ||| Stepping ~*~*~tactically~*~*~ (outnumbered).
  8357 | Lair:2   | 8357 ||| Stepping ~*~*~tactically~*~*~ (outnumbered).
  8358 | Lair:2   | 8358 ||| Stepping ~*~*~tactically~*~*~ (outnumbered).
  8371 | Lair:2   | Reached skill level 11 in Shields
  8447 | Lair:2   | Noticed an eight-headed hydra
  8448 | Lair:2   | 8448 ||| INVOKING Fiery Armour.
  8455 | Lair:2   | Killed a ten-headed hydra
  8456 | Lair:2   | Reached XP level 11. HP: 59/98 MP: 11/11
  8506 | Lair:2   | Found a staircase to the Shoals.
  8512 | Lair:2   | 8512 ||| Stepping ~*~*~tactically~*~*~ (hiding).
  8589 | Lair:2   | Found a hole to the Spider Nest.
  8592 | Lair:2   | 8592 ||| INVOKING Fiery Armour.
  8593 | Lair:2   | 8593 ||| Stepping ~*~*~tactically~*~*~ (outnumbered).
  8594 | Lair:2   | 8594 ||| Stepping ~*~*~tactically~*~*~ (outnumbered).
  8595 | Lair:2   | 8595 ||| Stepping ~*~*~tactically~*~*~ (outnumbered).
  8600 | Lair:2   | 8600 ||| Stepping ~*~*~tactically~*~*~ (outnumbered).
  8602 | Lair:2   | 8602 ||| Stepping ~*~*~tactically~*~*~ (outnumbered).
  8604 | Lair:2   | 8604 ||| Stepping ~*~*~tactically~*~*~ (outnumbered).
  8606 | Lair:2   | 8606 ||| Stepping ~*~*~tactically~*~*~ (outnumbered).
  8607 | Lair:2   | 8607 ||| Stepping ~*~*~tactically~*~*~ (outnumbered).
  8638 | Lair:2   | Found a runed translucent door.
  8749 | Lair:2   | Noticed qw's ghost (journeyman TeWr)
  8865 | Lair:2   | You fall into a shaft and drop 2 floors!
  8865 | Lair:4   | Found a runed translucent door.
  8871 | Lair:4   | Found a viscous altar of Jiyva.
  8873 | Lair:4   | Found a staircase to the Slime Pits.
  8926 | Lair:4   | 8926 ||| READING scroll labelled ENLUAH KOAPH.
  8942 | Lair:3   | 8942 ||| INVOKING Fiery Armour.
  8943 | Lair:3   | 8943 ||| Stepping ~*~*~tactically~*~*~ (outnumbered).
  8944 | Lair:3   | 8944 ||| Stepping ~*~*~tactically~*~*~ (outnumbered).
  8949 | Lair:3   | Reached skill level 12 in Shields
  9084 | Lair:3   | Noticed an oklob plant
  9085 | Lair:3   | 9085 ||| INVOKING Fiery Armour.
  9088 | Lair:3   | Noticed an oklob plant
  9129 | Lair:3   | 9129 ||| Stepping ~*~*~tactically~*~*~ (outnumbered).
  9132 | Lair:3   | 9132 ||| Stepping ~*~*~tactically~*~*~ (outnumbered).
  9151 | Lair:3   | Reached skill level 12 in Unarmed Combat
  9169 | Lair:3   | Noticed a death yak
  9169 | Lair:3   | Noticed a death yak
  9170 | Lair:3   | Noticed a death yak
  9171 | Lair:3   | 9171 ||| Stepping ~*~*~tactically~*~*~ (stealth).
  9172 | Lair:3   | Noticed a death yak
  9177 | Lair:3   | 9177 ||| Stepping ~*~*~tactically~*~*~ (outnumbered).
  9179 | Lair:3   | 9179 ||| Stepping ~*~*~tactically~*~*~ (outnumbered).
  9180 | Lair:3   | 9180 ||| Stepping ~*~*~tactically~*~*~ (outnumbered).
  9181 | Lair:3   | 9181 ||| Stepping ~*~*~tactically~*~*~ (outnumbered).
  9188 | Lair:3   | Killed a death yak
  9190 | Lair:3   | 9190 ||| INVOKING Fiery Armour.
  9196 | Lair:3   | Killed a death yak
  9196 | Lair:3   | HP: 22/100 [death yak (10)]
  9197 | Lair:3   | Reached skill level 13 in Shields
  9197 | Lair:3   | 9197 ||| READING 9 scrolls of teleportation.
  9197 | Lair:3   | HP: 7/100 [death yak (16)]
  9198 | Lair:3   | 9198 ||| DRINKING 5 potions of heal wounds.
  9200 | Lair:3   | Noticed a death yak
  9202 | Lair:3   | HP: 18/100 [hell rat (14)]
  9202 | Lair:3   | HP: 1/98 [hell rat (11)]
  9202 | Lair:3   | Slain by a hell rat

Levels and vault maps discovered:
D:1:      minmay_arrival_nine_rooms, layout_loops_ring,
          shapermc_ecumenical_altar_pompeii, serial_forest,
          infiniplex_forest_straight_3, infiniplex_forest_lined_room_2,
          infiniplex_forest_straight_3, infiniplex_forest_join
D:2:      layout_basic
D:3:      layout_loops_ring, mainiacjoe_overflow_concentric_impassable
D:4:      layout_cave_pods, nicolae_qazlal_style_of_elements, ashenzari_altar_1,
          minmay_temple_entry_glassed_door
D:5:      layout_basic, gammafunk_ghost_arena
D:6:      layout_cave_pools, mainiacjoe_overflow_brackets,
          gammafunk_temple_overflow_elements, grunt_ministairs_2,
          uniq_blork_the_orc, uniq_sigmund, uniq_maggie
D:7:      layout_basic, palyth_temple_overflow_mages, general_overflow_altar,
          gammafunk_ghost_abyssal_escape, nicolae_ossuary_entry_ruins,
          uniq_crazy_yiuf_cottage
D:8:      layout_basic, grunt_temple_overflow_champion_of_chaos,
          mainiacjoe_overflow_six_doors_small, enter_bailey_5, uniq_psyche
Lair:1:   gammafunk_boulding_lane, layout_chaotic_city, serial_bayou,
          serial_bayou_pond_c, serial_bayou_shore_b, serial_bayou_pond_d,
          serial_bayou_pond_d, lemuel_fruit_fields
Lair:2:   layout_hall_layers, elwin_shoals_entry_rocks,
          nicolae_spider_entry_non_spiders, ebering_ghost_reflecting_pool
Lair:3:   minmay_lair_oklob_chamber, layout_cave_pods
Lair:4:   layout_cave_pods, slime_entry_2, kennysheep_rathole

Skill      XL: |  1  2  3  4  5  6  7  8  9 10 11 |
---------------+----------------------------------+-----
Unarmed Combat | 4 5 6 8 9 10 12 | 12.0
Throwing       | 1 3 |  3.2
Fighting       | 3 4 |  4.1
Dodging        | 1 2 |  2.9
Shields        | 1 7 11 13 | 13.0
Armour         | 1 |  1.1
Spellcasting   | |  1.0
Fire Magic     | |  2.1

Action                   |  1- 3 |  4- 6 |  7- 9 | 10-12 || total
-------------------------+-------+-------+-------+-------++-------
Melee: Unarmed           |   118 |    68 |   275 |   263 ||   724
       Punch             |     1 |     2 |     3 |       ||     6
Throw: Javelin           |    48 |    33 |    17 |       ||    98
       Boomerang         |       |       |    29 |    39 ||    68
Invok: Fiery Armour      |       |     3 |     1 |     6 ||    10
  Use: Scroll            |     4 |     5 |     6 |     4 ||    19
       Potion            |     2 |     1 |     4 |     1 ||     8
 Stab: Distracted        |       |       |     1 |       ||     1
       Sleeping          |       |       |       |     1 ||     1
Armor: Robe              |    40 |    21 |     9 |       ||    70
       Steam dragon scal |       |       |    42 |    54 ||    96
Dodge: Dodged            |    48 |    24 |    62 |    65 ||   199
Block: Tower shield      |       |       |   111 |   194 ||   305

Table legend:
 A = Non-vault XP
 B = Vault XP
 C = Vault XP percentage of total XP
 D = Non-vault monster count
 E = Vault monster count
 F = Vault count percentage of total count
                 A         B        C        D         E       F
            +---------+---------+-------+---------+---------+-------
      Total |   18783 |    2921 |  13.5 |     209 |      50 |  19.3
            +---------+---------+-------+---------+---------+-------
        D:1 |      44 |       0 |   0.0 |      28 |       0 |   0.0
        D:2 |      44 |       0 |   0.0 |      24 |       0 |   0.0
        D:3 |     308 |       0 |   0.0 |      22 |       0 |   0.0
        D:4 |     313 |       0 |   0.0 |      21 |       0 |   0.0
        D:5 |     737 |       0 |   0.0 |      13 |       0 |   0.0
        D:6 |     549 |     718 |  56.7 |       9 |       4 |  30.8
        D:7 |    1000 |     106 |   9.6 |      25 |       3 |  10.7
        D:8 |    1639 |     423 |  20.5 |      15 |       6 |  28.6
     Lair:1 |    1770 |       0 |   0.0 |       5 |       0 |   0.0
     Lair:2 |    4062 |     637 |  13.6 |      15 |       8 |  34.8
     Lair:3 |    7334 |       0 |   0.0 |      29 |       0 |   0.0
     Lair:4 |     983 |       0 |   0.0 |       3 |       0 |   0.0
    Ossuary |       0 |    1037 | 100.0 |       0 |      29 | 100.0
            +---------+---------+-------+---------+---------+-------
